 Dungeon Crawl Stone Soup version 0.27.1 (webtiles) character file.

Game seed: 6340951104223757713

126 hawla the Sneak (level 4, -3/27 HPs)
             Began as a Deep Elf Delver on Aug 26, 2021.
             Slain by Terence (8 damage)
             ... on level 2 of the Dungeon.
             The game lasted 00:06:56 (3650 turns).

hawla the Sneak (Deep Elf Delver)                   Turns: 3650, Time: 00:06:57

Health: -3/27      AC:  4    Str:  9    XL:     4   Next: 83%
Magic:  6/6        EV: 12    Int: 16    God:
Gold:   151        SH:  0    Dex: 16    Spells: 3/3 levels left

rFire    . . .     SeeInvis .   a - +0 short sword
rCold    . . .     Faith    .   (no shield)
rNeg     . . .     Spirit   .   b - +0 leather armour
rPois    .         Reflect  .   (no helmet)
rElec    .         Harm     .   p - +0 cloak
rCorr    .         Rampage  .   (no gloves)
Will     .....                  (no boots)
Stlth    ++++......             (no amulet)
HPRegen  0.09/turn              (no ring)
MPRegen  0.10/turn              (no ring)

@: no status effects
A: no striking features
a: no special abilities


You were on level 2 of the Dungeon.
You visited 1 branch of the dungeon, and saw 5 of its levels.

You collected 151 gold pieces.

Inventory:

Hand Weapons
 a - a +0 short sword (weapon)
Armour
 b - a +0 leather armour (worn)
 p - a +0 cloak (worn)
Wands
 g - a wand of digging (3)
Scrolls
 c - 2 scrolls of fog
 d - a scroll of magic mapping
 e - a scroll of amnesia {unknown}
 i - 2 scrolls of identify {unknown}
 j - a scroll of teleportation
 m - a scroll of noise {unknown}
 q - a scroll of summoning {unknown}
Potions
 f - a potion of haste
 h - a potion of ambrosia
 l - 2 potions of curing


   Skills:
 + Level 2.8 Fighting
 + Level 2.9 Short Blades
 + Level 2.9 Dodging
 + Level 7.5 Stealth
 + Level 0.7 Evocations


You had 3 spell levels left.
You didn't know any spells.
Your spell library was empty.

Dungeon Overview and Level Annotations

Branches:
Dungeon (5/15)
 Temple: D:4-7

Altars:
Cheibriados
Elyvilon
Makhleb
Nemelex Xobeh
Uskayaw
Xom

Shops:
D:4 !

Annotations:
D:2 Natasha, Terence
D:3 Grinder


Message History

Key pressed, stopping explore.
Key pressed, stopping explore.
j - a scroll of teleportation Terence the Incautious comes into view.
He is wielding a +0 flail.
Terence is nearby!
Terence is nearby!
Terence is nearby!
The helpless Terence fails to defend himself.
You puncture Terence!
Terence is severely wounded.
Terence closely misses you.
You hit Terence.
Terence is severely wounded.
Terence hits you with a +0 flail!
You hit Terence but do no damage.
Terence is severely wounded.
Terence closely misses you.
You hit Terence.
Terence is almost dead.
Terence closely misses you.
You hit Terence but do no damage.
Terence is almost dead.
Terence barely misses you.
You hit Terence.
Terence is almost dead.
Terence hits you with a +0 flail!
You closely miss Terence.
Terence is almost dead.
Terence hits you with a +0 flail.
* * * LOW HITPOINT WARNING * * *
You hit Terence but do no damage.
Terence is almost dead.
Terence closely misses you.
You hit Terence but do no damage.
Terence is almost dead.
Terence closely misses you.
You hit Terence but do no damage.
Terence is almost dead.
Terence hits you with a +0 flail!
You die...

## #.. #.######.#
#.#..@@..####### #.#.######.....#
#..........###.# ### ##########
#......[...# #.# #..
#........###......##.####.###.###
#...........................#.#..
#.....†..##.#.........###.#.#.#.#
#......†.##.#.............#.#.#.#
#........##.###..#...#.#..#.#.#.#


You could see Terence.

Vanquished Creatures
  6 adders
  A worm (D:4)
  2 dart slugs (D:1)
  5 orcs
  7 endoplasms
  2 giant cockroaches (D:4)
  4 goblins
  6 hobgoblins
  3 quokkas
  5 ball pythons
  4 bats
  6 frilled lizards
  7 kobolds
  4 rats
62 creatures vanquished.

Notes
Turn   | Place    | Note
-------+----------+-------------------------------------------
     0 | D:5      | hawla the Deep Elf Delver began the quest for the Orb.
     0 | D:5      | Reached XP level 1. HP: 13/13 MP: 3/3
    27 | D:5      | Found a sparkling altar of Nemelex Xobeh.
    74 | D:4      | Found a hide-covered altar of Uskayaw.
   293 | D:4      | Reached XP level 2. HP: 9/18 MP: 4/4
   457 | D:4      | Found a snail-covered altar of Cheibriados.
   487 | D:4      | Found Rosso's Distillery.
  1095 | D:3      | Reached XP level 3. HP: 22/22 MP: 5/5
  1108 | D:3      | Reached skill level 7 in Stealth
  1245 | D:3      | Found a white marble altar of Elyvilon.
  1248 | D:3      | Found a shimmering altar of Xom.
  1253 | D:3      | Found a burning altar of Makhleb.
  1253 | D:3      | Noticed Grinder
  1256 | D:3      | Paralysed by Grinder for 6 turns
  1357 | D:1      | Reached XP level 4. HP: 21/27 MP: 6/6
  2683 | D:2      | Noticed Natasha
  2707 | D:2      | HP: 1/27 [iron imp[Natasha] (4)]
  2714 | D:2      | HP: 1/27 [Natasha/magic dart (4)]
  3638 | D:2      | Noticed Terence
  3650 | D:2      | Slain by Terence

Illustrated notes

Levels and vault maps discovered:
D:1:      minmay_arrival_four_circles, layout_basic, kennysheep_doodads
D:2:      layout_basic, minmay_ruptured, uniq_crazy_yiuf_cottage, uniq_terence,
          uniq_natasha
D:3:      layout_basic, grunt_temple_overflow_diamond, serial_shops, shop,
          grunt_decor_resistance, st_stairs_6, uniq_grinder, uniq_ijyb
D:4:      layout_layer_cave, nicolae_uskayaw_suspiria, lemuel_round_altar,
          serial_shops, kennysheep_mini, minmay_hedge_maze
D:5:      layout_loops_ring, mainiacjoe_overflow_paths

Skill      XL: |  1  2  3 |
---------------+----------+-----
Stealth        | 7 |  7.5
Fighting       | |  2.8
Short Blades   | |  2.9
Dodging        | |  2.9
Evocations     | |  0.7

Action                   |  1- 3 |  4- 6 || total
-------------------------+-------+-------++-------
Melee: Short sword       |    61 |   133 ||   194
Evoke: Wand              |    11 |     1 ||    12
  Use: Scroll            |     3 |     2 ||     5
       Potion            |       |     4 ||     4
 Stab: Sleeping          |     5 |    14 ||    19
Armor: Leather armour    |    18 |    32 ||    50
Dodge: Dodged            |    51 |    87 ||   138
